 Dungeon Crawl Stone Soup version bcrawl-1.40.3b (webtiles) character file.

Game seed: 9768217070340835959

288016 Amelense the Grappler (level 9, -4/78 HPs)
             Began as a Ghoul Fighter on Feb 6, 2024.
             Was an Initiate of Gozag.
             Slain by a two-headed ogre
             ... wielding a +0 giant club
              (14 damage)
             ... on level 6 of the Dungeon.
             The game lasted 00:27:36 (4883 turns).

Amelense the Grappler (Ghoul Fighter)               Turns: 4883, Time: 00:27:37

Health: -4/78      AC:  3    Str: 23    XL:     9   Next: 8%
Magic:  9/9        EV: 15    Int:  6    God:    Gozag
Gold:   362        SH:  6    Dex: 15    Spells: 8/8 levels left

rFire    . . .     GDR:     29%   - Claws (19.8)
rCold    . . .     SeeInvis .   (no shield)
rNeg     + + .     Gourm    .   C - +0 leather armour {rN+}
rPois    +         Faith    .   (no helmet)
rElec    .         Spirit   .   (no cloak)
rCorr    .         Reflect  +   (no gloves)
MR       .....                  (no boots)
Stlth    +.........             t - +6 amulet of reflection
HPRegen  0.23/turn              B - ring of Bepeyph {+Fly Dex+2}
MPRegen  0.11/turn              (no ring)

@: gold aura, flying, quick
A: claws 1, carnivore, speed 1, negative energy resistance 1, poison resistance,
partial torment resistance, strong legs 1
a: Hop, Potion Petition, Call Merchant, Bribe Branch, Renounce Religion, Stop
Flying


You were on level 6 of the Dungeon.
You worshipped Gozag.
Gozag was aware of your devotion.
You were not hungry.

You visited 1 branch of the dungeon, and saw 6 of its levels.

You collected 451 gold pieces.
You paid 89 gold pieces to Gozag.

Inventory:

Hand Weapons
 h - a cursed -1 short sword
 v - a +0 club
 x - a +1 dagger of holy wrath
 z - a +0 giant spiked club
 F - a +0 whip of flaming
Missiles
 o - 89 poisoned tomahawks (quivered)
Armour
 a - a +0 scale mail
 b - a +0 medium shield
 f - a +0 robe
 w - a +0 leather armour
 C - a +0 leather armour of positive energy (worn)
 D - the +0 chain mail "Umaogyej" {+Blink rCorr Int-5 Dex-4}
   (You found it on level 5 of the Dungeon)

   It affects your intelligence (-5).
   It affects your dexterity (-4).
   It lets you blink.
   It provides partial protection from all sources of acid and corrosion.
 H - a +2 robe
Jewellery
 l - a +4 amulet of reflection
 t - a +6 amulet of reflection (around neck)
 B - the ring of Bepeyph (left claw) {+Fly Dex+2}
   (You found it on level 3 of the Dungeon)

   [ring of flight]

   It affects your dexterity (+2).
   It lets you fly.
 E - the ring "Fenuunua" {Fire SInv, unknown}
   (You found it on level 5 of the Dungeon)

   [ring of fire]

   It enhances your fire magic.
   It protects you from fire.
   It makes you vulnerable to cold.
   It lets you see invisible.
 J - an uncursed amulet of magic regeneration {unknown}
Wands
 g - a wand of polymorph (11)
 I - a wand of scattershot (5)
Scrolls
 i - 6 scrolls of identify
 k - a scroll of fear
 n - a scroll of remove curse
 q - a scroll of noise
 r - 3 scrolls of teleportation {unknown}
 s - a scroll of enchant armour {unknown}
 y - a scroll of amnesia
 K - a scroll of blinking {unknown}
Potions
 c - a potion of might
 d - 5 potions of curing
 j - a potion of degeneration {unknown}
 m - 2 potions of flight {unknown}
 p - 2 potions of lignification {unknown}
 u - 2 potions of resistance {unknown}
 A - 2 potions of haste {unknown}
 G - a potion of agility {unknown}
Comestibles
 e - 7 rations {!d}


   Skills:
 + Level 6.5 Fighting
 - Level 3.0 Armour
 * Level 6.3 Dodging
 - Level 0.1 Stealth
 - Level 2.6 Shields
 + Level 8.2 Unarmed Combat


You had 8 spell levels left.
You didn't know any spells.
Your spell library was empty.

Dungeon Overview and Level Annotations

Branches:
Dungeon (6/12)
 Temple: D:4-7

Altars:
Gozag
Kikubaaqudgha
Lugonu
Xom


Innate Abilities, Weirdness & Mutations

Eating raw meat heals you.
You have sharp fingernails.
You are carnivorous and can eat meat at any time.
You cover ground quickly.
You resist negative energy. (rN+)
Your system is resistant to poisons. (rPois)
You are less affected by unholy pain and torment.
You can hop short distances.


Message History

Visions of eating the two-headed ogre fill your mind.
You see here 7 gold pieces.
You see here 7 gold pieces.
Found a stone staircase leading down.
The two-headed ogre hits you with a +0 giant club!!
Your self-preservation overcomes your need to hunt.
The two-headed ogre barely misses you.
You scratch the two-headed ogre.
The two-headed ogre is lightly wounded.
You claw the two-headed ogre!
The two-headed ogre is moderately wounded.
The two-headed ogre hits you with a +0 giant club!
The two-headed ogre hits you with a +0 giant spiked club!
* * * LOW HITPOINT WARNING * * *
You see here 7 gold pieces.
The two-headed ogre hits you with a +0 giant club!
* * * LOW HITPOINT WARNING * * *
The two-headed ogre hits you with a +0 giant spiked club!
You die...
Your body crumbles into a pile of gold.

#.....................#......#
#.....................#......#
#.....................#......#
#....................#########
#'##########'##########
#......#(.............#
.......#..............#
.......#.........(....#
.......#........@.....+
#..###+#.........O....###
##+#.......######.$.....#
...#.......# #.......#
...#.......# #.......#
...#.......# +.....(.#
####.......# #.......#
...........# #.......#
....##+##### #.......#


You could see a two-headed ogre.

Vanquished Creatures
  Pikel (D:5)
  A yak (D:6)
  Duvessa (D:5)
  A sky beast (D:6)
  A slave (D:5)
  3 ogres
  A phantom (D:5)
  Dowan (D:5)
  An orc priest (D:3)
  A howler monkey (D:6)
  2 crimson imps
  A hound (D:3)
  A jelly (D:5)
  2 orc wizards
  2 iguanas
  2 worker ants
  3 gnolls (D:4)
  A howler monkey skeleton (D:6)
  4 adders
  An ooze (D:2)
  An adder skeleton (D:4)
  7 worms
  4 dart slugs
  2 leopard geckos
  10 orcs
  3 bats
  2 giant cockroaches
  6 goblins
  12 hobgoblins
  6 jackals
  A quokka (D:5)
  A ball python (D:2)
  2 frilled lizards
  9 kobolds
  9 rats
106 creatures vanquished.

Vanquished Creatures (others)
  An orc wizard (D:5)
1 creature vanquished.

Grand Total: 107 creatures vanquished

Notes
Turn   | Place    | Note
-------+----------+-------------------------------------------
     0 | D:1      | Amelense the Ghoul Fighter began the quest for the Orb.
     0 | D:1      | Reached XP level 1. HP: 19/19 MP: 1/1
   166 | D:1      | Reached XP level 2. HP: 18/27 MP: 2/2
   435 | D:1      | Reached XP level 3. HP: 17/33 MP: 3/3
  1007 | D:2      | Reached skill level 3 in Unarmed Combat
  1062 | D:2      | Reached XP level 4. HP: 37/40 MP: 4/4
  1408 | D:2      | Found an ancient bone altar of Kikubaaqudgha.
  2276 | D:3      | Reached skill level 1 in Dodging
  2291 | D:3      | Found a corrupted altar of Lugonu.
  2343 | D:3      | Reached XP level 5. HP: 46/47 MP: 5/5
  2605 | D:3      | Got a sparkling bronze ring
  2606 | D:3      | Identified the ring of Bepeyph {+Fly Dex+2} (You found it
                  | on level 3 of the Dungeon)
  2958 | D:4      | Noticed an ogre
  2989 | D:4      | Reached skill level 4 in Unarmed Combat
  3002 | D:4      | HP: 2/47 [ogre/+0 giant club (20)]
  3006 | D:4      | Killed an ogre
  3007 | D:4      | Reached skill level 5 in Fighting
  3007 | D:4      | Reached XP level 6. HP: 30/56 MP: 6/6
  3425 | D:4      | Reached XP level 7. HP: 28/61 MP: 7/7
  3561 | D:5      | Entered Level 5 of the Dungeon
  3602 | D:5      | Got a polished chain mail
  3614 | D:5      | Identified the cursed +0 chain mail "Umaogyej" {+Blink
                  | rCorr Int-5 Dex-4} (You found it on level 5 of the Dungeon)
  3652 | D:5      | Noticed Pikel
  3660 | D:5      | Killed Pikel
  3661 | D:5      | Reached skill level 6 in Unarmed Combat
  3661 | D:5      | Reached XP level 8. HP: 69/70 MP: 8/8
  3830 | D:5      | Found an opulent altar of Gozag.
  3892 | D:5      | Became a worshipper of Gozag Ym Sagoz the Greedy
  3904 | D:5      | Reached skill level 5 in Dodging
  3933 | D:5      | Noticed Dowan
  3935 | D:5      | Noticed Duvessa
  3939 | D:5      | Found a glowing golden altar of the Shining One.
  3939 | D:5      | Found an ornate altar of the Wu Jian Council.
  3944 | D:5      | Killed Duvessa
  3945 | D:5      | Reached skill level 7 in Unarmed Combat
  3947 | D:5      | Killed Dowan
  3950 | D:5      | Found a shimmering altar of Xom.
  3966 | D:5      | Found a shimmering altar of Xom.
  3966 | D:5      | Found a hide-covered altar of Uskayaw.
  3966 | D:5      | Found a shattered altar of Ashenzari.
  4020 | D:5      | Got a glittering turquoise ring
  4584 | D:6      | Noticed a yak
  4597 | D:6      | Killed a yak
  4734 | D:6      | Reached XP level 9. HP: 57/78 MP: 9/9
  4739 | D:6      | Reached skill level 8 in Unarmed Combat
  4868 | D:6      | Noticed a two-headed ogre
  4883 | D:6      | Slain by a two-headed ogre

Skill      XL: |  1  2  3  4  5  6  7  8  9 |
---------------+----------------------------+-----
Armour         | 3 |  3.0
Fighting       | 4 5 6 |  6.5
Unarmed Combat | 3 4 6 7 8 |  8.2
Dodging        | 2 3 4 6 |  6.3
Stealth        | |  0.1
Shields        | |  2.6

Action                   |  1- 3 |  4- 6 |  7- 9 || total
-------------------------+-------+-------+-------++-------
Melee: Unarmed           |    97 |   166 |    83 ||   346
       Punch             |       |     2 |     3 ||     5
Throw: Tomahawk          |       |    17 |     6 ||    23
Invok: Potion Petition   |       |       |     1 ||     1
 Abil: Hop               |     2 |       |       ||     2
       Evoke Flight      |       |     1 |       ||     1
  Use: Scroll            |     3 |     2 |     1 ||     6
       Potion            |       |     7 |     1 ||     8
 Stab: Sleeping          |       |       |     1 ||     1
  Eat: Chunk             |    16 |    14 |       ||    30
       Ration            |     2 |     3 |     2 ||     7
Armor: Scale mail        |    20 |    28 |       ||    48
       Robe              |     2 |       |       ||     2
       Leather armour    |       |     9 |     5 ||    14
Dodge: Dodged            |    55 |    80 |    26 ||   161
Block: Medium shield     |     1 |       |       ||     1
       Other             |       |    47 |    11 ||    58
       Reflection        |       |       |     1 ||     1
